 Dungeon Crawl Stone Soup version 0.30.1-3-gfc49f6343a (webtiles) character file.

Game seed: 2202312109606030872

2879 Wiggles the Cleaver (level 9, -9/81 HPs)
             Began as a Minotaur Berserker on July 21, 2023.
             Was a Priest of Trog.
             Mangled by a wyvern (11 damage)
             ... on level 7 of the Dungeon.
             The game lasted 00:08:36 (5507 turns).

Wiggles the Cleaver (Minotaur Berserker)            Turns: 5507, Time: 00:08:37

Health: -9/81      AC: 14    Str: 26    XL:     9   Next: 48%
Magic:  8/8        EV: 10    Int:  4    God:    Trog [***...]
Gold:   268        SH:  0    Dex: 10    Spells: 8/8 levels left

rFire   . . .        a - +0 hand axe (freeze)
rCold   . . .        (no shield)
rNeg    . . .        e - +0 chain mail
rPois   .            (helmet restricted)
rElec   .            v - +0 cloak
rCorr   .            s - +1 pair of gloves
SInv    .            (no boots)
Will    .....        (no amulet) Stlth
                     (no ring)
HPRegen 0.33/turn    (no ring)
MPRegen 0.11/turn

%: no passive effects
@: on berserk cooldown, slowed, very slow
A: horns 2, retaliatory headbutt
a: Renounce Religion, Berserk, Trog's Hand


You were on level 7 of the Dungeon.
You worshipped Trog.
Trog was most pleased with you.
You visited 1 branch of the dungeon, and saw 7 of its levels.

You collected 268 gold pieces.

Inventory:

Hand Weapons
 a - a +0 hand axe of freezing (weapon)
Armour
 e - a +0 chain mail (worn)
 s - a +1 pair of gloves (worn)
 v - a +0 cloak (worn)
Wands
 l - a wand of iceblast (9)
 r - a wand of flame (21)
Scrolls
 c - a scroll of enchant armour
 h - 2 scrolls of noise
 i - a scroll of magic mapping
 k - 2 scrolls of fog
 m - a scroll of teleportation
 n - a scroll of silence
 x - a scroll of brand weapon
Potions
 f - 2 potions of magic
 g - 2 potions of berserk rage
 j - a potion of might
 o - a potion of curing
 p - 2 potions of attraction
 q - a potion of heal wounds {unknown}
 t - a potion of flight {unknown}
 w - a potion of cancellation {unknown}
 z - a potion of lignification {unknown}
 A - a potion of brilliance {unknown}


   Skills:
 + Level 8.2 Fighting
 + Level 10.7 Axes
 + Level 8.2 Armour
 + Level 5.2 Dodging
 + Level 0.6 Stealth


You had 8 spell levels left.
You didn't know any spells.
Your spell library was empty.

Dungeon Overview and Level Annotations

Branches:
Dungeon (7/15)             Temple (0/1) D:6

Altars:
Ashenzari
Elyvilon
Kikubaaqudgha
The Shining One

Shops:
D:4 [


Innate Abilities, Weirdness & Mutations

You have a pair of horns on your head.
You reflexively headbutt those who attack you in melee.


Message History

The bullfrog barely misses you. You furiously retaliate!
You headbutt the bullfrog! The wyvern bites you.
The bullfrog hits you but does no damage.
The wyvern bites you.
You hit the bullfrog. You freeze the bullfrog.
The bullfrog is severely wounded.
You hit the wyvern but do no damage. The bullfrog barely misses you.
The wyvern bites you!
An orc comes into view. It is wielding a +0 hand axe.
The orc wizard hits you but does no damage.
The bullfrog hits you.
* * * LOW HITPOINT WARNING * * *
You closely miss the bullfrog. Your headbutt misses the bullfrog.
The bullfrog is severely wounded.
You hit the orc wizard but do no damage.
You hit the wyvern. You freeze the wyvern. The wyvern bites you.
* * * LOW HITPOINT WARNING * * *
The bullfrog closely misses you. You furiously retaliate!
You headbutt the bullfrog!
You kill the bullfrog!
Trog accepts your kill.
The wyvern bites you but does no damage.
The steam dragon breathes steam at you. The ball of steam hits you!
* * * LOW HITPOINT WARNING * * *
The orc wizard gestures at you while chanting.
You resist with some effort.
You are engulfed in a cloud of scalding steam.
The wyvern closely misses you. The orc barely misses you.
The orc wizard hits you but does no damage.
The wyvern is engulfed in a cloud of scalding steam.
The wyvern bites you.
* * * LOW HITPOINT WARNING * * *
You feel your willpower return.
The wyvern bites you but does no damage.
The orc barely misses you. You furiously retaliate!
You headbutt the orc, but do no damage.
The orc wizard hits you but does no damage.
The wyvern bites you!
You die...

#.###.....# .......
#######.....###......#
..........§§#....#...
.##.........#§#....#..
#.........D§§#......
#.....#####.§..#
#.....#...§§?.###
#.....#...)o§l..#
#.<...#.$...@§###
#.....#.....o..#
#######.....o#..(#
#.....###.## ..).....
## ..###..## .. ...
##.#


You could see a steam dragon (catching breath), a wyvern, an orc wizard and 2
orcs.

Vanquished Creatures
  A two-headed ogre (D:7)
  Pikel (D:4)
  Menkaure (D:4)
  Edmund (D:4)
  Duvessa (D:4)
  3 ice beasts
  An ogre (D:6)
  A sky beast (D:6)
  A centaur (D:7)
  A lemure (D:4)
  2 bullfrogs
  2 scorpions
  Dowan (D:4)
  2 jellies
  A hound (D:6)
  2 orc priests (D:6)
  2 sleepcaps (D:5)
  Jessica (D:2)
  2 iguanas (D:6)
  Natasha (thrice) (D:4)
  7 orc wizards (D:6)
  Robin (D:2)
  6 adders
  2 shadow imps (D:7)
  An ufetubus (D:4)
  A worm (D:4)
  2 dart slugs (D:1)
  18 orcs
  5 ball pythons
  3 endoplasms
  3 giant cockroaches
  19 goblins
  8 hobgoblins
  3 jackals (D:1)
  3 quokkas
  2 bats (D:1)
  A frilled lizard (D:1)
  3 kobolds
  3 rats (D:1)
121 creatures vanquished.

Notes
Turn   | Place    | Note
-------+----------+-------------------------------------------
     0 | D:1      | Wiggles the Minotaur Berserker began the quest for the Orb.
     0 | D:1      | Reached XP level 1. HP: 19/19 MP: 0/0
    88 | D:1      | Reached XP level 2. HP: 27/27 MP: 1/1
    92 | D:1      | Reached skill level 4 in Axes
   811 | D:2      | Reached XP level 3. HP: 22/33 MP: 2/2
   934 | D:2      | Noticed Robin
   935 | D:2      | Found a broken altar of Ashenzari.
   958 | D:2      | Reached ** piety under Trog
   961 | D:2      | Killed Robin
  1112 | D:2      | Noticed Jessica
  1128 | D:2      | Killed Jessica
  1129 | D:2      | Reached XP level 4. HP: 41/41 MP: 3/3
  2207 | D:4      | Noticed Pikel
  2207 | D:4      | Noticed a lemure
  2207 | D:4      | Noticed a lemure
  2207 | D:4      | Noticed a lemure
  2207 | D:4      | Noticed a lemure
  2212 | D:4      | Killed Pikel
  2212 | D:4      | Killed a lemure
  2213 | D:4      | Reached skill level 5 in Fighting
  2213 | D:4      | Reached skill level 6 in Axes
  2213 | D:4      | Reached XP level 5. HP: 39/49 MP: 4/4
  2213 | D:4      | Reached XP level 6. HP: 45/56 MP: 5/5
  2213 | D:4      | Reached XP level 7. HP: 49/61 MP: 6/6
  2360 | D:4      | Noticed Natasha
  2360 | D:4      | Noticed Duvessa
  2360 | D:4      | Noticed Dowan
  2371 | D:4      | Killed Duvessa
  2372 | D:4      | Reached skill level 5 in Armour
  2374 | D:4      | Killed Dowan
  2375 | D:4      | Reached skill level 7 in Axes
  2375 | D:4      | Killed Natasha
  2503 | D:4      | Noticed Natasha
  2518 | D:4      | Killed Natasha
  2601 | D:4      | Noticed Edmund
  2606 | D:4      | Killed Edmund
  2711 | D:4      | Noticed Natasha
  2719 | D:4      | Killed Natasha
  2882 | D:4      | Found Muboshre's Armour Emporium.
  3132 | D:4      | Noticed Menkaure
  3137 | D:4      | Killed Menkaure
  3138 | D:4      | Reached XP level 8. HP: 71/71 MP: 7/7
  3225 | D:5      | Entered Level 5 of the Dungeon
  3587 | D:5      | Reached skill level 8 in Axes
  3793 | D:5      | Found an ancient bone altar of Kikubaaqudgha.
  3793 | D:5      | Found a white marble altar of Elyvilon.
  3794 | D:5      | Found a glowing golden altar of the Shining One.
  4470 | D:6      | Found a staircase to the Ecumenical Temple.
  4555 | D:6      | Reached *** piety under Trog
  4789 | D:6      | Reached skill level 9 in Axes
  4928 | D:6      | Reached XP level 9. HP: 49/79 MP: 8/8
  5485 | D:7      | Noticed a two-headed ogre
  5493 | D:7      | Killed a two-headed ogre
  5494 | D:7      | Reached skill level 10 in Axes
  5494 | D:7      | Reached skill level 5 in Dodging
  5506 | D:7      | HP: 1/81 [wyvern (5)]
  5507 | D:7      | Mangled by a wyvern

Illustrated notes

Levels and vault maps discovered:
D:1:      heliophobic_arrival_enchanted_forest, layout_basic, serial_forest,
          infiniplex_forest_lined_room_2, infiniplex_forest_clump_small,
          infiniplex_forest_corner_1, infiniplex_forest_clump_double,
          infiniplex_forest_corner_1, infiniplex_forest_lined_1,
          serial_bayou_lagoon_b
D:2:      layout_loops_ring, basic_altar, uniq_robin, uniq_jessica
D:3:      layout_basic
D:4:      layout_loops_ring, serial_shops, kennysheep_mini_moat,
          minmay_misc_feat_encased, solitary_fountain, uniq_menkaure,
          uniq_natasha, uniq_edmund, uniq_pikel, uniq_duvessa
D:5:      layout_layer_cave, gammafunk_temple_overflow_forgotten
D:6:      layout_rooms, minmay_temple_entry_junction, serial_curves,
          eino_curves_02, eino_curves_03, minmay_a_box_with_orc_wizards_in_it
D:7:      layout_basic, enter_bailey_2, minmay_between

Skill      XL: |  1  2  3  4  5  6  7  8  9 |
---------------+----------------------------+-----
Fighting       | 4 5 6 7 8 |  8.2
Axes           | 4 6 7 9 10 | 10.7
Armour         | 3 4 6 7 8 |  8.2
Dodging        | 3 4 5 |  5.2
Stealth        | |  0.6

Action                     |  1- 3 |  4- 6 |  7- 9 || total
---------------------------+-------+-------+-------++-------
  Melee: Hand axe          |    73 |    38 |   224 ||   335
         Headbutt          |     9 |     3 |    43 ||    55
         Punch             |       |     1 |     5 ||     6
 Invoke: Berserk           |     2 |     1 |     5 ||     8
    Use: Scroll            |       |       |    13 ||    13
 Armour: Animal skin       |     7 |       |       ||     7
         Chain mail        |    30 |    12 |   115 ||   157
  Dodge: Dodged            |    44 |    15 |   100 ||   159
